 Dungeon Crawl Stone Soup version 0.32-a0-314-g526f7d4993 (webtiles) character file.

Game seed: 568482201097274224

80634 oldriver the Eclecticist (level 15, -14/122 HPs)
             Began as a Demonspawn Conjurer on Feb 16, 2024.
             Was an Initiate of Gozag.
             Demolished by a minotaur
             ... wielding a +4 great mace of holy wrath
              (17 damage)
             ... in a Gauntlet.
             The game lasted 01:00:08 (40339 turns).

oldriver the Eclecticist (Demonspawn Conjurer)     Turns: 40339, Time: 01:00:09

Health: -14/122    AC: 15    Str:  8    XL:     15   Next: 24%
Magic:  31/35      EV: 24    Int: 32    God:    Gozag
Gold:   3120       SH:  0    Dex: 11    Spells: 18/46 levels left

rFire   + + +        q - +11 long sword "Pawkui" {heavy, *Noise rElec rPois rF+++}
rCold   + . .        (no shield)
rNeg    . . .        N - +2 robe {rC+}
rPois   +            (helmet unavailable)
rElec   +            O - +1 cloak {Will+}
rCorr   +            E - +2 pair of gloves
SInv    .            a - +2 pair of boots
Will    ++++.        (no amulet)
Stlth   +++          V - ring "Xanon" {rF+ Will+ Int+6}
HPRegen 0.40/turn    L - ring "Jual" {+Blink Will+ rCorr EV+5 Slay+2}
MPRegen 0.24/turn

%: no teleportation
@: mighty, agile
A: horns 3, slimy green scales 2, ignite blood 2, powered by pain 2, bedeviling,
inability to drink after injury 1
a: Renounce Religion, Evoke Blink, Potion Petition, Call Merchant, Bribe Branch


You were in a Gauntlet.
You worshipped Gozag.
Gozag was most pleased with you.
You visited 4 branches of the dungeon, and saw 21 of its levels.
You also visited: Ossuary and Gauntlet.

You collected 7122 gold pieces.
You spent 1851 gold pieces at shops.
You paid 2151 gold pieces to Gozag.

Inventory:

Hand Weapons
 q - the +11 long sword "Pawkui" (weapon) {heavy, *Noise rElec rPois rF+++}
   (You found it on level 4 of the Dungeon)

   rF+++:     It renders you almost immune to fire.
   rElec:     It insulates you from electricity.
   rPois:     It protects you from poison *Noise: It may make a loud noise when
   swung.
Missiles
 p - 12 poisoned darts
Armour
 a - a +2 pair of boots (worn)
 f - a scarf of shadows
 u - a +2 pair of gloves of infusion
 w - the quicksilver dragon scales of the Equator {Will+ Dex+3}
   (You found it in a Gauntlet)

   Dex+3:     It affects your dexterity (+3).
   Will+:     It increases your willpower.
 E - a +2 pair of gloves (worn)
 N - a +2 robe of cold resistance (worn)
 O - a +1 cloak of willpower (worn)
 U - the +2 robe of Orphire {Int+4 Dex-2 Slay+2 SInv}
   (You bought it in a shop on level 11 of the Dungeon)

   Int+4:     It affects your intelligence (+4).
   Dex-2:     It affects your dexterity (-2).
   Slay+2:    It affects your accuracy & damage with ranged weapons and melee
   (+2).
   SInv:      It lets you see invisible.
Jewellery
 r - a ring of resist corrosion
 H - a ring of ice
 L - the ring "Jual" (right hand) {+Blink Will+ rCorr EV+5 Slay+2}
   (You took it off an orc wizard on level 10 of the Dungeon)

   [ring of evasion]

   EV+5:      It affects your evasion (+5).
   Slay+2:    It affects your accuracy & damage with ranged weapons and melee
   (+2).
   Will+:     It increases your willpower.
   +Blink:    It lets you blink.
   rCorr:     It protects you from acid and corrosion.
 V - the ring "Xanon" (left hand) {rF+ Will+ Int+6}
   (You bought it in a shop on level 11 of the Dungeon)

   [ring of intelligence]

   Int+6:     It affects your intelligence (+6).
   rF+:       It protects you from fire.
   Will+:     It increases your willpower.
Wands
 m - a wand of mindburst (21)
 s - a wand of iceblast (25)
 y - a wand of polymorph (13)
 Q - a wand of acid (3)
 S - a wand of paralysis (4)
Scrolls
 g - 3 scrolls of fear
 h - 10 scrolls of teleportation
 i - a scroll of identify
 x - 2 scrolls of poison
 D - 2 scrolls of summoning
 F - 2 scrolls of enchant weapon
 K - 4 scrolls of amnesia
 M - 2 scrolls of silence
Potions
 b - 3 potions of magic
 c - 2 potions of cancellation {unknown}
 d - 5 potions of enlightenment
 e - a potion of berserk rage {unknown}
 k - 4 potions of haste {unknown}
 l - 4 potions of mutation
 n - 5 potions of might
 o - 8 potions of ambrosia
 t - 9 potions of curing
 v - 2 potions of heal wounds
 z - 4 potions of resistance {unknown}
 A - 4 potions of degeneration {unknown}
 B - a potion of invisibility {unknown}
 G - a potion of brilliance {unknown}
Miscellaneous
 P - a phantom mirror


   Skills:
 + Level 12.5 Fighting
 + Level 7.0 Dodging
 - Level 6.0 Stealth
 * Level 16.1 Spellcasting
 + Level 13.0 Conjurations
 - Level 4.0 Translocations
 - Level 6.0 Fire Magic
 + Level 2.9 Alchemy


You had 18 spell levels left.
You knew the following spells:

 Your Spells              Type           Power      Damage    Failure   Level
a - Magic Dart            Conj           100%       1d8       0%          1
b - Searing Ray           Conj           100%       2d8       0%          2
f - Fireball              Conj/Fire      36%        3d15      1%          5
i - Irradiate             Conj/Alch      33%        3d22      1%          5
o - Orb of Destruction    Conj           41%        9d11      7%          7
p - Fulminant Prism       Conj/Alch      33%        3d16      1%          4
z - Iskenderun's Mystic   Conj/Tloc      69%        2d14      1%          4

Your spell library contained the following spells:

 Spells                   Type           Power      Damage    Failure   Level
 Apportation              Tloc           100%       N/A       1%          1
 Necrotise                Necr           100%       1d9       1%          1
 Shock                    Conj/Air       100%       1d9       1%          1
 Sting                    Conj/Alch      100%       1d9       1%          1
 Summon Small Mammal      Summ           100%       N/A       1%          1
 Blink                    Tloc           100%       N/A       1%          2
 Mercury Vapours          Alch/Air       70%        N/A       1%          2
 Hailstorm                Conj/Ice       61%        3d11      1%          3
 Stone Arrow              Conj/Erth      100%       3d13      1%          3
 Brom's Barrelling Bould  Conj/Erth      61%        2d8       1%          4
 Iskenderun's Battlesphe  Conj           83%        2d13      1%          5
 Call Imp                 Summ           50%        N/A       2%          2
 Sublimation of Blood     Necr           25%        N/A       2%          2
 Manifold Assault         Tloc           50%        N/A       3%          4
 Fugue of the Fallen      Necr           25%        N/A       4%          3
 Ozocubu's Armour         Ice            25%        N/A       4%          3
 Summon Ice Beast         Ice/Summ       25%        N/A       4%          3
 Swiftness                Air            25%        N/A       4%          3
 Olgreb's Toxic Radiance  Alch           44%        N/A       4%          4
 Petrify                  Alch/Erth      35%        N/A       9%          4
 Alistair's Intoxication  Alch           29%        N/A       14%         5
 Airstrike                Air            12%        2d(2-18)  16%         4
 Animate Armour           Summ/Erth      50%        N/A       16%         4
 Conjure Ball Lightning   Conj/Air       30%        3x3d10    17%         6
 Borgnjor's Vile Clutch   Necr/Erth      12%        N/A       41%         5
 Dispersal                Tloc           25%        N/A       43%         6
 Eringya's Noxious Bog    Alch           22%        4d6       58%         6
 Sculpt Simulacrum        Ice/Alch       17%        N/A       80%         6
 Ozocubu's Refrigeration  Ice            12%        4d10      100%        7
 Discord                  Hex            19%        N/A       100%        8
 Disjunction              Tloc           25%        N/A       100%        8
 Lehudib's Crystal Spear  Conj/Erth      30%        10d8      100%        8


Dungeon Overview and Level Annotations

Branches:
Dungeon (13/15)            Temple (1/1) D:6            Lair (5/5) D:9
  Swamp (0/4) Lair:2       Spider (0/4) Lair:3        Slime (0/5) Lair:4
    Orc (2/2) D:9             Elf (0/3) Orc:2       Ossuary (visited)
Gauntlet (1/1)
 Vaults: D:13-14

Altars:
Ashenzari
Cheibriados
Dithmenos
Fedhas
Gozag
Hepliaklqana
Kikubaaqudgha
Makhleb
Nemelex Xobeh
Okawaru
Qazlal
Ru
Sif Muna
Trog
Uskayaw
Vehumet
Wu Jian
Xom
Yredelemnul
Beogh
Jiyva

Shops:
D:5 *   D:11 =:[   Orc:2 ([([

Annotations:
D:1 2 runed translucent doors
D:4 1 runed translucent door, mycrawlcharacter's ghost, amateur MiBe Gauntlet 8 transporters


Innate Abilities, Weirdness & Mutations

You have a pair of large horns on your head.
You are mostly covered in slimy green scales. (AC +3)
Your demonic aura often causes spilled blood to erupt in flames.
You sometimes gain power by taking damage.
Your hexes are more powerful.
You occasionally lose the ability to drink potions when taking damage.


Message History

You erupt in a blast of force!
The mystic blast hits the minotaur but does no damage.
The minotaur is almost dead.
The minotaur hits you with a +4 great mace of holy wrath.
You convulse!
The minotaur gores you but does no damage.
Casting: Iskenderun's Mystic Blast (mildly dangerous; 1% risk of failure)
Confirm with . or Enter, or press ? or * to list all spells.
You erupt in a blast of force!
The mystic blast hits the minotaur but does no damage.
The minotaur is almost dead.
The minotaur is engulfed in blazing flames.
The minotaur hits you with a +4 great mace of holy wrath!!
You focus on the pain.
You feel agile all of a sudden.
You convulse!!
* * * LOW HITPOINT WARNING * * *
You focus on the pain.
You feel your power returning.
The minotaur gores you but does no damage.
You feel much better.
The minotaur hits you with a +4 great mace of holy wrath!!
* * * LOW HITPOINT WARNING * * *
You convulse!
* * * LOW HITPOINT WARNING * * *
The minotaur closely misses you.
Unknown command.
You feel much better.
The minotaur is engulfed in blazing flames.
The minotaur hits you with a +4 great mace of holy wrath!
* * * LOW HITPOINT WARNING * * *
You convulse!
* * * LOW HITPOINT WARNING * * *
The minotaur gores you!
* * * LOW HITPOINT WARNING * * *
You focus on the pain.
You feel your power returning.
As you read the scroll of fear, it crumbles to dust.
You assume a fearsome visage.
The minotaur resists with some effort.
The minotaur hits you with a +4 great mace of holy wrath!
You die...
Your body crumbles into a pile of gold.

#######.#.#.©.#ß.#Z###.
[ß(ß.ß#...#...#..#Z###.
......'.###.©.#∩.#©###Z
#...#...#..#)...#
#####.#.#.©.#ß.#Z...#
#.....#.#...#..#Z.ZZZ
#ß..........#..######
##.##○###..##........
#.H@.....###§.######
###########§..#.....
##..#.###. #≈..#...##
##..#©..©. #≈..#...##
##§.#.###. #§§.#.....
##..######


You could see a minotaur.

Vanquished Creatures
  Rupert (Lair:3)
  Gastronok (D:11)
  An orc warlord (Orc:2)
  A cacodemon (Gauntlet)
  Fannar (Lair:2)
  An ogre mage (Orc:1)
  7 hydras
  A catoblepas (Lair:5)
  11 two-headed ogres
  2 centaur warriors
  4 death yaks
  2 orc high priests (Orc:2)
  2 skysharks
  2 spriggan druids (Lair:2)
  An orc knight (Orc:1)
  2 orc sorcerers
  3 manticores
  A moth of wrath (Gauntlet)
  6 black mambas
  Joseph (D:9)
  10 kobold blastminers
  13 elephants
  20 cane toads
  A gargoyle (D:12)
  7 komodo dragons
  4 rime drakes
  2 kobold demonologists (D:12)
  An efreet (D:13)
  2 polar bears
  An unseen horror skeleton (D:9)
  2 queen bees
  9 trolls
  Prince Ribbit (D:5)
  3 hornets
  2 tyrant leeches
  5 dream sheep (Lair:5)
  22 blink frogs
  A vampire (D:13)
  5 wyverns
  2 wraiths
  Grum (D:7)
  8 basilisks
  25 yaks
  Eustachio (D:4)
  An unseen horror simulacrum (D:9)
  12 vampire mosquitoes
  2 steam dragons
  3 wargs
  4 redbacks (Lair:3)
  3 acid dragons
  6 ice beasts
  23 water moccasins
  22 orc warriors
  A sky beast (D:8)
  4 black bears
  8 ogres
  33 wolves
  13 centaurs
  A phantom (D:5)
  A kobold brigand (D:8)
  Blork the orc (D:6)
  16 bullfrogs
  A gnoll sergeant (D:10)
  A scorpion (D:3)
  10 wights
  41 killer bees
  A troll zombie (Ossuary)
  6 howler monkeys
  12 electric eels
  4 centaur zombies
  2 hounds
  2 jellies
  18 orc priests
  A gnoll bouda (D:7)
  6 iguanas
  27 orc wizards
  3 sleepcaps
  Natasha (thrice) (D:2)
  An ogre zombie (Ossuary)
  7 mummies (Ossuary)
  Robin (D:2)
  9 gnolls
  5 adders
  A howler monkey skeleton (D:9)
  A shadow imp (D:5)
  4 white imps
  5 adder zombies (Ossuary)
  3 dart slugs
  3 ribbon worms
  121 orcs
  3 ball pythons
  4 endoplasms
  5 giant cockroaches
  15 goblins
  11 hobgoblins
  4 jackals (D:5)
  7 quokkas
  5 bats
  5 frilled lizards
  2 goblin zombies (Ossuary)
  6 hobgoblin zombies (Ossuary)
  A jackal zombie (D:5)
  14 kobolds
  4 kobold zombies
  4 quokka zombies (Ossuary)
  5 rats
  6 rat zombies
  A fulminant prism (D:9)
754 creatures vanquished.

Vanquished Creatures (others)
  An unseen horror zombie (D:9)
  28 fulminant prisms
29 creatures vanquished.

Grand Total: 783 creatures vanquished

Notes
Turn   | Place    | Note
-------+----------+-------------------------------------------
     0 | D:1      | oldriver the Demonspawn Conjurer began the quest for the
                  | Orb.
     0 | D:1      | Reached XP level 1. HP: 13/13 MP: 3/3
   189 | D:1      | Gained mutation: You are partially covered in slimy green
                  | scales. (AC +2) [demonic ancestry]
   189 | D:1      | Reached XP level 2. HP: 20/20 MP: 1/5
   319 | D:1      | Found a large runed translucent door.
   319 | D:1      | Found a large runed translucent door.
   514 | D:1      | Reached skill level 1 in Fighting
   605 | D:1      | Gained mutation: You have a pair of small horns on your
                  | head. [demonic ancestry]
   605 | D:1      | Reached XP level 3. HP: 26/26 MP: 5/7
  1432 | D:2      | Reached skill level 3 in Spellcasting
  1528 | D:2      | Noticed Natasha
  1543 | D:2      | Killed Natasha
  1544 | D:2      | Reached XP level 4. HP: 25/32 MP: 1/8
  1548 | D:2      | Noticed Robin
  1800 | D:2      | Killed Robin
  1961 | D:2      | Noticed Natasha
  1968 | D:2      | Killed Natasha
  2029 | D:2      | Gained mutation: You are mostly covered in slimy green
                  | scales. (AC +3) [demonic ancestry]
  2029 | D:2      | Reached XP level 5. HP: 38/38 MP: 7/10
  2032 | D:2      | Learned a level 2 spell: Searing Ray
  2137 | D:2      | Found a shimmering altar of Xom.
  2342 | D:2      | Noticed Natasha
  2346 | D:2      | Killed Natasha
  2347 | D:2      | Reached skill level 4 in Spellcasting
  2710 | D:2      | Learned a level 4 spell: Fulminant Prism
  2715 | D:2      | Learned a level 4 spell: Iskenderun's Mystic Blast
  3035 | D:3      | Found a hazy altar of Hepliaklqana.
  3246 | D:3      | Gained mutation: Your demonic aura sometimes causes spilled
                  | blood to erupt in flames. [demonic ancestry]
  3246 | D:3      | Reached XP level 6. HP: 46/46 MP: 10/12
  3284 | D:3      | Found a shimmering altar of Xom.
  3389 | D:3      | Reached skill level 5 in Conjurations
  3389 | D:3      | Reached skill level 1 in Translocations
  3806 | D:4      | Identified the +11 long sword "Pawkui" {heavy, *Noise rElec
                  | rPois rF+++}
  4452 | D:4      | Found a runed translucent door.
  4455 | D:4      | Noticed mycrawlcharacter's ghost (amateur MiBe)
  4546 | D:4      | Noticed Eustachio
  4669 | D:4      | Killed Eustachio
  4670 | D:4      | Reached skill level 5 in Spellcasting
  4670 | D:4      | Gained mutation: Your demonic aura often causes spilled
                  | blood to erupt in flames. [demonic ancestry]
  4670 | D:4      | Reached XP level 7. HP: 52/52 MP: 2/14
  5481 | D:5      | Entered Level 5 of the Dungeon
  5557 | D:5      | Noticed Prince Ribbit
  5571 | D:5      | Killed Prince Ribbit
  5587 | D:5      | Found a sand-covered staircase.
  5681 | Ossuary  | Entered an ossuary
  6072 | Ossuary  | Gained mutation: You have a pair of horns on your head.
                  | [demonic ancestry]
  6072 | Ossuary  | Reached XP level 8. HP: 60/60 MP: 12/16
  6253 | Ossuary  | Reached skill level 6 in Spellcasting
  7338 | D:5      | Identified the +0 plate armour "Picaroih" {rN+}
  7656 | D:5      | Found Soefeng's Assorted Antiques.
  7879 | D:5      | Bought a scroll labelled YPIKKY DILAROQA for 29 gold pieces
  7879 | D:5      | Bought a scroll labelled FYF XOMPAGORIFI for 29 gold pieces
  7879 | D:5      | Bought a scroll labelled FYF XOMPAGORIFI for 29 gold pieces
  8078 | D:6      | Reached skill level 5 in Fighting
  8078 | D:6      | Reached skill level 7 in Spellcasting
  8467 | D:6      | Gained mutation: You have a pair of large horns on your
                  | head. [demonic ancestry]
  8467 | D:6      | Reached XP level 9. HP: 55/68 MP: 10/20
  8815 | D:6      | Noticed Blork the orc
  9432 | D:6      | Killed Blork the orc
  9433 | D:6      | Reached skill level 8 in Spellcasting
  9577 | D:6      | Found a staircase to the Ecumenical Temple.
 10031 | D:7      | Reached skill level 1 in Alchemy
 11135 | D:7      | Found a sparkling altar of Nemelex Xobeh.
 11135 | D:7      | Found a sacrificial altar of Ru.
 11472 | Temple   | Entered the Ecumenical Temple
 11498 | Temple   | Became a worshipper of Gozag Ym Sagoz the Greedy
 11571 | D:8      | Noticed Grum
 11571 | D:8      | Noticed a two-headed ogre
 11589 | D:7      | Killed Grum
 11974 | D:8      | Killed a two-headed ogre
 11975 | D:8      | Reached XP level 10. HP: 77/77 MP: 7/22
 11981 | D:7      | Reached skill level 9 in Spellcasting
 13793 | D:9      | Noticed a two-headed ogre
 13804 | D:9      | Killed a two-headed ogre
 13878 | D:9      | Reached skill level 10 in Spellcasting
 14372 | D:9      | Noticed Joseph
 14530 | D:9      | Killed Joseph
 14861 | D:9      | Found a staircase to the Lair.
 14979 | D:9      | Gained mutation: You sometimes gain a little power by
                  | taking damage. [demonic ancestry]
 14979 | D:9      | Reached XP level 11. HP: 86/86 MP: 18/25
 15172 | D:9      | Found a bloodstained altar of Trog.
 15966 | D:9      | Found a staircase to the Orcish Mines.
 16489 | D:10     | Entered Level 10 of the Dungeon
 16522 | D:10     | Reached skill level 11 in Spellcasting
 17358 | D:10     | Identified the +9 falchion "Ivemit" {vamp, Will+ rCorr
                  | Int-2 Dex+3}
 17386 | D:10     | Identified the ring "Jual" {+Blink Will+ rCorr EV+5 Slay+2}
 17672 | Lair:1   | Entered Level 1 of the Lair of Beasts
 18290 | Lair:1   | Learned a level 5 spell: Fireball
 18657 | Lair:1   | Found a shimmering altar of Xom.
 19039 | Lair:2   | Noticed a four-headed hydra
 19047 | Lair:2   | Reached skill level 1 in Fire Magic
 19048 | Lair:2   | Killed a four-headed hydra
 19762 | Lair:2   | Reached XP level 12. HP: 95/95 MP: 19/27
 19764 | Lair:2   | Noticed a five-headed hydra
 19783 | Lair:2   | Killed a five-headed hydra
 19937 | Lair:2   | Reached skill level 5 in Stealth
 20069 | Lair:2   | Reached skill level 12 in Spellcasting
 20071 | Lair:2   | Reached skill level 10 in Conjurations
 20704 | Lair:2   | Found a staircase to the Swamp.
 20759 | Lair:2   | Noticed Fannar
 20765 | Lair:2   | Killed Fannar
 20790 | Lair:2   | Noticed a six-headed hydra
 20795 | Lair:2   | Killed a seven-headed hydra
 22336 | Lair:3   | Noticed a death yak
 22444 | Lair:3   | Noticed a death yak
 22446 | Lair:3   | Noticed a death yak
 22446 | Lair:3   | Noticed Rupert
 22462 | Lair:2   | Killed a death yak
 22672 | Lair:3   | Noticed a seven-headed hydra
 22680 | Lair:3   | Killed a seven-headed hydra
 22681 | Lair:3   | Reached skill level 5 in Fire Magic
 22840 | Lair:3   | Noticed a five-headed hydra
 22843 | Lair:3   | Killed a five-headed hydra
 23050 | Lair:3   | Killed Rupert
 23051 | Lair:3   | Reached skill level 10 in Fighting
 23051 | Lair:3   | Reached skill level 13 in Spellcasting
 23051 | Lair:3   | Gained mutation: You sometimes gain power by taking damage.
                  | [demonic ancestry]
 23051 | Lair:3   | Reached XP level 13. HP: 103/103 MP: 19/30
 23756 | Lair:4   | Found a staircase to the Slime Pits.
 23758 | Lair:4   | Found a viscous altar of Jiyva.
 24555 | Lair:5   | Entered Level 5 of the Lair of Beasts
 25882 | Orc:1    | Entered Level 1 of the Orcish Mines
 25882 | Orc:1    | Found a roughly hewn altar of Beogh.
 25896 | Orc:1    | Reached skill level 14 in Spellcasting
 26909 | Orc:2    | Entered Level 2 of the Orcish Mines
 27978 | Orc:2    | Found a staircase to the Elven Halls.
 27993 | Orc:2    | Found a roughly hewn altar of Beogh.
 28171 | Orc:2    | Found a roughly hewn altar of Beogh.
 28229 | Orc:2    | Found a roughly hewn altar of Beogh.
 28336 | Orc:2    | Found a roughly hewn altar of Beogh.
 28580 | Orc:2    | Found Itriomyabent's Antique Weapon Boutique.
 28705 | Orc:2    | Found Eliemip's Antique Armour Emporium.
 28714 | Orc:2    | Bought a runed cloak for 217 gold pieces
 29322 | Orc:2    | Gained mutation: Your hexes are more powerful. [demonic
                  | ancestry]
 29322 | Orc:2    | Reached XP level 14. HP: 95/113 MP: 26/32
 29484 | Orc:2    | Noticed an orc warlord
 29855 | Orc:2    | Killed an orc warlord
 30346 | Orc:2    | Found Ullekaji's Antique Armour Boutique.
 30347 | Orc:2    | Found a roughly hewn altar of Beogh.
 30397 | Orc:2    | Found Ajojot's Antique Weapon Shop.
 30510 | Orc:2    | Found a roughly hewn altar of Beogh.
 31098 | Lair:3   | Reached skill level 5 in Dodging
 32005 | Lair:3   | Found a hole to the Spider Nest.
 32710 | Lair:5   | Reached skill level 15 in Spellcasting
 35147 | Lair:5   | Identified the ring of Joffirgh {Str+3 Slay+4}
 37313 | D:11     | Noticed Gastronok
 37567 | D:11     | Killed Gastronok
 37568 | D:11     | Reached XP level 15. HP: 108/121 MP: 4/34
 37759 | D:11     | Bought a book of Transmutation for 476 gold pieces
 37765 | D:11     | Learned a level 5 spell: Irradiate
 37773 | D:11     | Learned a level 7 spell: Orb of Destruction
 37777 | D:11     | Bought a scorched robe for 182 gold pieces
 37777 | D:11     | Identified the +2 robe of Orphire {Int+4 Dex-2 Slay+2 SInv}
                  | (You bought it in a shop on level 11 of the Dungeon)
 37779 | D:11     | Bought the ring "Xanon" {rF+ Will+ Int+6} for 889 gold
                  | pieces
 38386 | D:12     | Found a radiant altar of Vehumet.
 39364 | D:13     | Found a gate leading to a gauntlet.
 39367 | D:13     | Reached skill level 16 in Spellcasting
 39601 | Gauntlet | Entered a Gauntlet
 39601 | Gauntlet | Found a transporter.
 39601 | Gauntlet | Found a transporter.
 39702 | Gauntlet | Found a transporter.
 39720 | Gauntlet | Found a transporter.
 39720 | Gauntlet | Found a transporter.
 39722 | Gauntlet | Found a transporter.
 39722 | Gauntlet | Found a transporter.
 39723 | Gauntlet | Found a transporter.
 39736 | Gauntlet | Found a transporter.
 39752 | Gauntlet | Found a transporter.
 39762 | Gauntlet | Found a transporter.
 39779 | Gauntlet | Found a transporter.
 39817 | Gauntlet | Found a transporter.
 39829 | Gauntlet | Found a transporter.
 40167 | Gauntlet | Gained mutation: You occasionally lose the ability to drink
                  | potions when taking damage. [a cacodemon]
 40180 | Gauntlet | Identified the quicksilver dragon scales of the Equator
                  | {Will+ Dex+3}
 40337 | Gauntlet | HP: 4/122 [minotaur/+4 great mace of holy wrath (12)]
 40339 | Gauntlet | Demolished by a minotaur

Illustrated notes

Levels and vault maps discovered:
D:1:      erik_arrival_cave_to_civilisation [erik_arrival_cave_to_temple],
          layout_loops_ring, minmay_fountain_box, dreamdust_wishing_well
D:2:      layout_basic, serial_curves, eino_curves_01, eino_curves_04,
          basic_altar, uniq_natasha, uniq_robin
D:3:      layout_loops_ring, mainiacjoe_overflow_alcove_4,
          mainiacjoe_overflow_paths
D:4:      layout_cave_pods, hellmonk_ghost_happy_afterlife, kennysheep_diamond,
          minmay_misc_feat_plants, uniq_eustachio
D:5:      layout_rooms, enter_ossuary_3, serial_shops,
          nicolae_inconvenience_store, kennysheep_generic_room_4,
          uniq_prince_ribbit1
D:6:      layout_loops_corners, minmay_temple_entry_hall, uniq_blork_the_orc
D:7:      layout_basic, gammafunk_temple_overflow_forgotten
D:8:      layout_cave_pools, serial_bayou_lake_a, uniq_grum
D:9:      layout_irregular_city, bloody_trog, hellmonk_lair_entry_icy,
          hiddenorc2_lemuel, hangedman_weighted_door, uniq_joseph
D:10:     layout_big_octagon, nrook_pool_corridor, minmay_hedge_maze
D:11:     layout_irregular_city, uniq_gastronok
D:12:     layout_loops_ring, nicolae_vehumet_altar_sigil
D:13:     layout_rooms, erik_vaults_2, gauntlet_entry_generic,
          portal_ice_cave_demonic_guard
Temple:   kb_temple_of_zot
Lair:1:   layout_regular_city, basic_altar, st_stairs_8,
          grunt_forest_small_clearings, lemuel_fruit_tree
Lair:2:   layout_roguey [special_room_bee], mainiacjoe_swamp_entry_angry_trees,
          nicolae_lair_lil_pond, serial_bayou_shore_b, serial_bayou_shore_b,
          grunt_megastairs_5, lemuel_fruit_fields, uniq_fannar
Lair:3:   layout_regular_city, spider_nest_entry_a, grunt_megastairs_3,
          uniq_rupert
Lair:4:   layout_small_grid, slime_entry_1, grunt_megastairs_2
Lair:5:   minmay_lair_end_frog_pond, layout_small_grid,
          nicolae_quartered_pool_medium, infiniplex_staircase_pool
Orc:1:    layout_diamond_mine, basic_altar
Orc:2:    grunt_orc_community_town_hall, layout_diamond_mine,
          grunt_orc_community_big_house_1, grunt_orc_community_big_house_1,
          grunt_orc_community_house_2, grunt_orc_community_house_1,
          grunt_orc_community_house_2, grunt_orc_community_house_2
Gauntlet: gammafunk_gauntlet_mixed_choke_point
          [minmay_gauntlet_arena_77_two_paths,
          minmay_gauntlet_arena_77_chump_sandwich,
          minmay_gauntlet_arena_77_mess, gammafunk_gauntlet_arena_chambers,
          minmay_gauntlet_arena_77_two_lines,
          minmay_gauntlet_arena_77_block_sizes, minmay_gauntlet_arena_77_mirror,
          nicolae_gauntlet_exit_dead_adventurers]

Skill      XL: |  1  2  3  4  5  6  7  8  9 10 11 12 13 14 15 |
---------------+----------------------------------------------+-----
Fighting       | 1 2 3 4 5 6 7 9 10 11 12 | 12.5
Spellcasting   | 3 4 5 7 8 10 11 13 14 15 16 | 16.1
Conjurations   | 5 6 7 8 9 10 11 12 13 | 13.0
Translocations | 1 2 3 4 |  4.0
Dodging        | 2 3 4 6 7 |  7.0
Stealth        | 3 4 6 |  6.0
Alchemy        | 2 |  2.9
Fire Magic     | 2 5 6 |  6.0

Action                     |  1- 3 |  4- 6 |  7- 9 | 10-12 | 13-15 || total
---------------------------+-------+-------+-------+-------+-------++-------
  Melee: Unarmed           |    10 |       |       |       |       ||    10
         Short sword       |     4 |     3 |       |       |       ||     7
         Long sword        |       |       |    10 |    26 |    43 ||    79
         Headbutt          |       |       |       |     8 |    10 ||    18
   Cast: Magic Dart        |    58 |   154 |   325 |   383 |       ||   920
         Searing Ray       |       |     4 |    35 |    34 |     3 ||    76
         Iskenderun's Myst |       |       |    26 |   117 |   124 ||   267
         Fulminant Prism   |       |       |       |    22 |     7 ||    29
         Fireball          |       |       |       |    72 |   420 ||   492
 Invoke: Call Merchant     |       |       |       |       |     3 ||     3
    Use: Scroll            |       |       |    15 |     6 |    15 ||    36
         Potion            |       |       |       |     1 |     7 ||     8
 Armour: Robe              |    12 |    20 |   107 |   138 |   170 ||   447
  Dodge: Dodged            |    12 |    28 |    93 |    96 |   270 ||   499

Table legend: (Time is in decaauts)
 A = Elapsed time spent in this place.
 B = Non-inter-level travel time spent in this place.
 C = Inter-level travel time spent in this place.
 D = Time resting spent in this place.
 E = Time spent auto-exploring this place.
 F = Levels seen in this place.
 G = Mean time per level.
                   A        B        C        D        E       F      G
               +--------+--------+--------+--------+--------+-----+--------+
         Total |  40562 |  38945 |   1617 |  13435 |  20421 |  23 | 1763.6 |
       Dungeon |  20222 |  19309 |    913 |   5129 |  11648 |  13 | 1555.5 |
        Temple |     52 |      1 |     51 |      0 |      0 |   1 |   52.0 |
          Lair |  13012 |  12530 |    482 |   5544 |   5441 |   5 | 2602.4 |
  Orcish Mines |   5121 |   4951 |    170 |   2475 |   1833 |   2 | 2560.5 |
       Ossuary |   1409 |   1409 |      0 |    275 |    934 |   1 | 1409.0 |
      Gauntlet |    743 |    743 |      0 |     12 |    564 |   1 |  743.0 |
               +--------+--------+--------+--------+--------+-----+--------+

Top non-repeatable levels by time:
  Lair:4: 3465 daAuts
  Lair:2: 3173 daAuts
     D:9: 3082 daAuts
   Orc:2: 2659 daAuts
   Orc:1: 2462 daAuts
  Lair:3: 2328 daAuts
  Lair:1: 2134 daAuts
     D:6: 1979 daAuts
     D:8: 1956 daAuts
  Lair:5: 1911 daAuts
     D:7: 1846 daAuts
    D:12: 1701 daAuts
     D:4: 1676 daAuts
     D:1: 1487 daAuts
 Ossuary: 1409 daAuts
